 Dungeon Crawl Stone Soup version 0.25-a0-294-gea9b1ad378 (webtiles) character file.

Game seed: 9998620852664339259, levelgen mode: classic

316 Borgoz the Cudgeler (level 6, -1/55 HPs)
             Began as a Gargoyle Berserker on Dec 19, 2019.
             Was a Believer of Trog.
             Slain by an orc warrior
             ... wielding a +2 hand axe of chopping
              (7 damage)
             ... on level 4 of the Dungeon.
             The game lasted 00:02:22 (3033 turns).

Borgoz the Cudgeler (Gargoyle Berserker)            Turns: 3033, Time: 00:02:22

Health: -1/55      AC:  6    Str: 25    XL:     6   Next: 44%
Magic:  6/6        EV: 13    Int:  8    God:    Trog [**....]
Gold:   85         SH:  0    Dex: 11    Spells: 5/5 levels left

rFire    . . .     SeeInvis .   p - +0 morningstar
rCold    . . .     Gourm    .   (no shield)
rNeg     + . .     Faith    .   b - +0 animal skin
rPois    ∞         Spirit   .   (no helmet)
rElec    +         Reflect  .   (no cloak)
rCorr    .         Harm     .   (no gloves)
MR       .....                  (no boots)
Stlth    ..........             (no amulet)
HPRegen  0.18/turn              (no ring)
MPRegen  0.10/turn              (no ring)

@: berserking, very quick
A: negative energy resistance 1, electricity resistance, unbreathing,
petrification resistance, rot immunity, AC +4
a: Berserk, Trog's Hand, Renounce Religion


You were on level 4 of the Dungeon.
You worshipped Trog.
Trog was pleased with you.
You were hungry.

You visited 1 branch of the dungeon, and saw 4 of its levels.

You collected 85 gold pieces.

Inventory:

Hand Weapons
 p - a +0 morningstar (weapon)
Armour
 b - a +0 animal skin (worn)
Wands
 o - a wand of acid (5)
Scrolls
 e - 2 scrolls of immolation {unknown}
 f - 2 scrolls of amnesia {unknown}
 g - 5 scrolls of identify {unknown}
 i - 3 scrolls of remove curse {unknown}
 l - a scroll of blinking {unknown}
 m - a scroll of enchant weapon {unknown}
 n - 2 scrolls of teleportation {unknown}
Potions
 d - 3 potions of curing {unknown}
 h - a potion of degeneration {unknown}
 j - a potion of resistance {unknown}
 k - a potion of heal wounds {unknown}
Comestibles
 a - 3 chunks of flesh
 c - 5 rations


   Skills:
 + Level 3.6 Fighting
 * Level 4.8 Maces & Flails
 + Level 4.3 Armour
 + Level 3.2 Dodging


You had 5 spell levels left.
You didn't know any spells.
Your spell library was empty.

Dungeon Overview and Level Annotations

Branches:
Dungeon (4/15)
 Temple: D:4-7

Altars:
Fedhas
Kikubaaqudgha
Vehumet
The Shining One


Innate Abilities, Weirdness & Mutations

You are resistant to torment.
Your stone body is resilient. (AC +4)
You are immune to poison.
You resist negative energy. (rN+)
You are resistant to electric shocks. (rElec)
You can survive without breathing.
You are immune to petrification.
You are immune to rotting.


Message History

You are too injured to fight recklessly!
A red film seems to cover your vision as you go berserk!
You feel yourself moving faster!
You feel mighty!
You are feeling hungry.
The orc warrior hits you with a +2 hand axe of chopping!
* * * LOW HITPOINT WARNING * * *
x2 The worker ant misses you.
You hit the orc warrior.
The orc warrior is lightly wounded.
The orc warrior hits you but does no damage.
The worker ant bites you.
* * * LOW HITPOINT WARNING * * *
You sock the orc warrior!
The orc warrior is severely wounded.
The orc warrior completely misses you. The worker ant closely misses you.
You puncture the orc warrior!
The orc warrior is almost dead.
The worker ant bites you but does no damage.
The orc warrior hits you with a +2 hand axe of chopping!
You die...

#....###.#..# #..#
#...........# #. #..#
#.....##.#.##+## #
##)## #...).##.#.#...
.# #..#
#.....##.#.#.#. .#
#..## +...))##.#.#..
..# ##...###
#.....##.#.#..##..#
#.......
#####.##.#.#.#a.#.#..+
####....
#.##...#..@o..#o.#
#..<.
#.######.#########
#..## #.#####.........
......
#.......#.......
#........
#######.#######.
#.#.###.. #.# # #. ..
#+# .. .. .


You could see an orc warrior, a worker ant and an orc wizard.

Vanquished Creatures
  A scorpion (D:4)
  An orc priest (D:4)
  Ijyb (D:3)
  2 centaur skeletons
  Terence (D:3)
  6 adders
  An ooze (D:3)
  2 worms (D:3)
  A dart slug (D:4)
  2 leopard geckos (D:1)
  2 orcs (D:4)
  4 ball pythons
  7 bats
  2 giant cockroaches (D:1)
  7 goblins
  6 hobgoblins
  4 jackals (D:3)
  A quokka (D:3)
  5 frilled lizards
  8 kobolds
  8 rats
72 creatures vanquished.

Notes
Turn   | Place    | Note
-------+----------+-------------------------------------------
     0 | D:1      | Borgoz the Gargoyle Berserker began the quest for the Orb.
     0 | D:1      | Reached XP level 1. HP: 14/14 MP: 1/1
    65 | D:1      | Reached XP level 2. HP: 11/19 MP: 2/2
   542 | D:1      | Reached XP level 3. HP: 23/23 MP: 3/3
   977 | D:2      | Reached ** piety under Trog
  1217 | D:2      | Reached XP level 4. HP: 28/28 MP: 4/4
  1673 | D:3      | Noticed Terence
  1688 | D:3      | Killed Terence
  1944 | D:3      | Found a blossoming altar of Fedhas.
  1945 | D:3      | Found an ancient bone altar of Kikubaaqudgha.
  2010 | D:3      | Reached XP level 5. HP: 28/32 MP: 5/5
  2273 | D:3      | Found a glowing golden altar of the Shining One.
  2280 | D:3      | Noticed Ijyb
  2291 | D:3      | HP: 2/48 [jackal (1)]
  2292 | D:3      | Killed Ijyb
  2739 | D:3      | Found a radiant altar of Vehumet.
  2829 | D:4      | Reached XP level 6. HP: 28/37 MP: 6/6
  3027 | D:4      | Noticed an orc warrior
  3033 | D:4      | Slain by an orc warrior

Levels and vault maps discovered:
D:1:      lightli_arrival_windingriver, layout_basic
D:2:      layout_basic, first_ration
D:3:      layout_loops_ring, grunt_temple_overflow_growth_and_decay,
          lemuel_doored_altar, tso_metal_star, uniq_ijyb, uniq_terence
D:4:      minmay_clustersquares, layout_basic, gammafunk_ghost_grave

Skill      XL: |  1  2  3  4  5 |
---------------+----------------+-----
Dodging        | 2 3 |  3.2
Armour         | 3 4 |  4.3
Maces & Flails | 4 |  4.8
Fighting       | |  3.6

Action                   |  1- 3 |  4- 6 || total
-------------------------+-------+-------++-------
Melee: Mace              |    94 |   136 ||   230
       Morningstar       |       |    17 ||    17
Invok: Berserk           |       |     3 ||     3
  Eat: Chunk             |     1 |     8 ||     9
Armor: Animal skin       |    31 |    62 ||    93
Dodge: Dodged            |    63 |   137 ||   200

Table legend:
 A = Non-vault XP
 B = Vault XP
 C = Vault XP percentage of total XP
 D = Non-vault monster count
 E = Vault monster count
 F = Vault count percentage of total count
                 A         B        C        D         E       F
            +---------+---------+-------+---------+---------+-------
      Total |     377 |      75 |  16.6 |      70 |       2 |   2.8
            +---------+---------+-------+---------+---------+-------
        D:1 |      36 |       0 |   0.0 |      21 |       0 |   0.0
        D:2 |      62 |       0 |   0.0 |      17 |       0 |   0.0
        D:3 |     109 |      75 |  40.8 |      25 |       2 |   7.4
        D:4 |     170 |       0 |   0.0 |       7 |       0 |   0.0
            +---------+---------+-------+---------+---------+-------
